[Event "Team 45 45 League T68"]
[Site "Internet Chess Club"]
[Date "2016.04.19"]
[Round "6"]
[White "SlimeDog2"]
[Black "RickyWang"]
[Result "1/2-1/2"]
[WhiteElo "1982"]
[BlackElo "1845"]
[Opening "Grünfeld: exchange variation"]
[ECO "D85"]
[Time "20:39:35"]
[TimeControl "2700+45"]

1. d4 Nf6 2. c4 g6 3. Nc3 d5 4. cxd5 Nxd5 5. Nf3 Bg7 6. Na4 O-O 7. e4 Nb6 8. Be3
Nxa4 9. Qxa4 c5 10. Rd1 Qb6 11. Rd2 Bd7 12. Qa3 cxd4 13. Nxd4 Qc7 14. Be2 Bc6
15. O-O Bxe4 16. Nb5 Qc6 17. Qxe7 Bxg2 18. Rfd1 Bh3 19. f3 Bf6 20. Qa3 Nd7 21.
Nxa7 Qc7 22. Qb4 Rfe8 23. Nb5 Qc6 24. Nd4 Qa4 25. Qxa4 Rxa4 26. b3 Bxd4 27. Bxd4
Rxd4 28. Rxd4 Rxe2 29. Rxd7 Bxd7 30. Rxd7 Rxa2 31. Rxb7 Rb2 32. h4 h6 33. b4 Kg7
34. Rb6 Kf8 35. Rb7 Kg7 36. Rb6 Kf8 37. Rb7 Kg7 38. Rb6 Kf8 39. Rb7 Kg7 40. Rb6
{Game drawn by repetition} 1/2-1/2

[Event "Team 45 45 League T68"]
[Site "Internet Chess Club"]
[Date "2016.04.15"]
[Round "6"]
[White "anna"]
[Black "sharky123"]
[Result "0-1"]
[WhiteElo "1817"]
[BlackElo "1872"]
[Opening "Caro-Kann: classical variation"]
[ECO "B18"]
[Time "18:00:34"]
[TimeControl "2700+45"]

1. e4 c6 2. d4 d5 3. Nc3 dxe4 4. Nxe4 Bf5 5. Ng3 Bg6 6. c3 e6 7. Bc4 Nf6 8. N1e2
Bd6 9. Bf4 Bxf4 10. Nxf4 Qc7 11. Nxg6 hxg6 12. Qf3 Nbd7 13. O-O O-O-O 14. h3 g5
15. Rfe1 Qf4 16. Qxf4 gxf4 17. Ne4 Nxe4 18. Rxe4 g5 19. b4 Nf6 20. Ree1 f3 21.
Bf1 fxg2 22. Bxg2 Nd5 23. Bxd5 cxd5 24. Kg2 Rh4 25. Re3 Kd7 26. Rg3 Rh5 27. Re1
Rdh8 28. Re5 f6 29. Ree3 Rc8 30. Kf1 Rc6 31. Ke1 b5 32. Re2 Rh8 33. Kd1 Rhc8 34.
Rc2 Kd6 35. Kd2 R6c7 36. Kc1 Rh7 37. Rd2 Rh4 38. Rdd3 Rch8 39. Kb2 Rf4 40. Rde3
Rxf2+ 41. Kb3 Rf4 42. a4 a6 43. axb5 axb5 44. Rg2 Ra8 45. Ra2 Rxa2 46. Kxa2 Rh4
47. Kb2 Rh7 48. Rf3 f5 49. Kc2 Ra7 50. Rg3 Rg7 51. Kd3 Rg8 52. Ke2 Ke7 53. Rg1
Kf6 54. Kf3 Ra8 55. Kg3 Ra2 56. Rc1 Kg6 {White resigns} 0-1

[Event "Team 45 45 League T68"]
[Site "Internet Chess Club"]
[Date "2016.04.17"]
[Round "6"]
[White "Holzschlange"]
[Black "Littlemon"]
[Result "1-0"]
[WhiteElo "1823"]
[BlackElo "1612"]
[Opening "Queen's pawn game, Darooha variation "]
[ECO "D11"]
[Time "10:07:06"]
[TimeControl "2700+45"]

1. Nf3 d5 2. d4 Nf6 3. c4 c6 4. Qc2 Bg4 5. Ne5 Bh5 6. Nd2 e6 7. Ndf3 Nbd7 8. g3
Bg6 9. Nxg6 hxg6 10. Bg2 Bb4+ 11. Bd2 Bxd2+ 12. Nxd2 Qa5 13. O-O Ng4 14. h3 Ngf6
15. Rfe1 O-O 16. a3 Rfe8 17. Rad1 Rac8 18. Qd3 Qb6 19. e3 Nf8 20. Re2 Re7 21.
Nf3 Rce8 22. Ne5 Qc7 23. Rc1 Qd6 24. Rec2 N8d7 25. f4 Qb8 26. Rc3 Nh5 27. g4
Nhf6 28. Rb3 Nxe5 29. dxe5 Nh7 30. cxd5 exd5 31. e4 dxe4 32. Bxe4 Rd8 33. Qf3 g5
34. Re1 gxf4 35. Qxf4 Qc7 36. Rbe3 Rde8 37. Bc2 Nf8 38. Qf5 g6 39. Qg5 Nd7 40.
e6 fxe6 41. Qxg6+ Rg7 42. Qxe8+ {Black resigns} 1-0

[Event "Team 45 45 League T68"]
[Site "Internet Chess Club"]
[Date "2016.04.17"]
[Round "6"]
[White "Tobiasdelmonte"]
[Black "TheRailgun"]
[Result "1-0"]
[WhiteElo "1802"]
[BlackElo "1873"]
[Opening "King's Indian, 3.Nf3"]
[ECO "E61"]
[Time "20:07:53"]
[TimeControl "2700+45"]

1. d4 Nf6 2. Nf3 g6 3. c4 Bg7 4. Nc3 O-O 5. Bf4 d6 6. h3 c5 7. e3 Qb6 8. Be2
Qxb2 9. Nb5 Qb4+ 10. Kf1 Ne8 11. a4 Qa5 12. g4 a6 13. Na3 Nc6 14. Kg2 e5 15. Bg5
exd4 16. exd4 cxd4 17. Bd3 h6 18. Bh4 g5 19. Bg3 f5 20. gxf5 Bxf5 21. Qb1 Bxd3
22. Qxd3 Ne5 23. Nxe5 dxe5 24. Qe4 Qc7 25. Rab1 Nd6 26. Qd5+ Nf7 27. Rxb7 Qd6
28. Qxd6 Nxd6 29. Rxg7+ Kxg7 30. Bxe5+ Kg6 31. Bxd6 Rfd8 32. c5 {Black resigns}
1-0

[Event "Team 45 45 League T68"]
[Site "Internet Chess Club"]
[Date "2016.04.17"]
[Round "6"]
[White "chessnow"]
[Black "JPSVI"]
[Result "1-0"]
[WhiteElo "1727"]
[BlackElo "1506"]
[Opening "French: Fort Knox variation"]
[ECO "C03"]
[Time "21:01:10"]
[TimeControl "2700+45"]

1. e4 e6 2. d4 d5 3. Nd2 dxe4 4. Nxe4 Bd7 5. Nf3 Bc6 6. Bd3 Nd7 7. Bf4 Ne7 8. c3
Nf6 9. Nxf6+ gxf6 10. Qe2 Bxf3 11. Qxf3 c6 12. O-O Nd5 13. Bg3 f5 14. Rfe1 Be7
15. Be5 Rg8 16. Qh5 Bf6 17. Bxf6 Qxf6 18. Qxf5 Qg6 19. Qf3 Qh6 20. g3 O-O-O 21.
Qxf7 Nf4 22. Qxh7 Qg5 23. Kf1 {Black forfeits on time} 1-0

[Event "Team 45 45 League T68"]
[Site "Internet Chess Club"]
[Date "2016.04.16"]
[Round "6"]
[White "nidusin2"]
[Black "anishio"]
[Result "0-1"]
[WhiteElo "1572"]
[BlackElo "1773"]
[Opening "Grünfeld with Bf4 & e3"]
[ECO "D93"]
[Time "21:00:30"]
[TimeControl "2700+45"]

1. d4 Nf6 2. Nf3 g6 3. c4 Bg7 4. Nc3 d5 5. Bf4 O-O 6. e3 c5 7. Qb3 e6 8. dxc5
Qa5 9. Qb5 Qxb5 10. Nxb5 Na6 11. Rb1 Ne4 12. b4 Nc3 13. Rb3 Nxa2 14. cxd5 exd5
15. Nfd4 N2xb4 16. Nd6 Bxd4 17. exd4 Nc2+ 18. Kd1 Nxd4 19. Rd3 Ne6 20. Be3 d4
21. Bh6 Naxc5 22. Rf3 Ng7 23. h3 Be6 24. Bc4 Bxc4 25. Nxc4 Rfd8 26. g4 Ne4 27.
Ne5 Nd6 28. Kd2 Ne6 29. Rc1 a5 30. Ra1 a4 31. Raa3 Ra6 32. Kd1 b5 33. Rf6 b4 34.
Raf3 Ra7 35. Nc6 a3 36. Nxa7 a2 37. Nc6 a1=Q+ 38. Ke2 Qb2+ 39. Bd2 Ne4 40. Ne7+
Kh8 41. Rxf7 Qxd2+ 42. Kf1 N4g5 {White resigns} 0-1

[Event "Team 45 45 League T68"]
[Site "Internet Chess Club"]
[Date "2016.04.16"]
[Round "6"]
[White "f5"]
[Black "searchforbobby1"]
[Result "1/2-1/2"]
[WhiteElo "2090"]
[BlackElo "1999"]
[Opening "English: symmetrical, Botvinnik system reversed"]
[ECO "A37"]
[Time "22:01:33"]
[TimeControl "2700+45"]

1. c4 c5 2. g3 g6 3. Bg2 Bg7 4. Nf3 Nc6 5. Nc3 e5 6. d3 Nge7 7. h4 h6 8. e4 d6
9. Be3 Bg4 10. Qd2 Nd4 11. Nh2 Be6 12. O-O Qd7 13. Nd5 Nxd5 14. cxd5 Bh3 15.
Bxd4 cxd4 16. Rac1 Bxg2 17. Kxg2 O-O 18. Rc2 Rac8 19. Rfc1 f5 20. Qe2 fxe4 21.
Rxc8 Rxc8 22. Rxc8+ Qxc8 23. Qxe4 Qf5 {Game drawn by mutual agreement} 1/2-1/2

[Event "Team 45 45 League T68"]
[Site "Internet Chess Club"]
[Date "2016.04.14"]
[Round "6"]
[White "chsrules88"]
[Black "Freitac"]
[Result "1/2-1/2"]
[WhiteElo "2055"]
[BlackElo "1946"]
[Opening "Richter-Veresov attack"]
[ECO "D01"]
[Time "18:00:57"]
[TimeControl "2700+45"]

1. d4 Nf6 2. Nc3 d5 3. Bg5 c5 4. Nf3 Ne4 5. Bf4 e6 6. dxc5 Nxc3 7. bxc3 Bxc5 8.
c4 Bb4+ 9. Bd2 Bxd2+ 10. Qxd2 dxc4 11. Qxd8+ Kxd8 12. e4 b6 13. Bxc4 Ba6 14.
O-O-O+ Kc7 15. Rd4 b5 16. Be2 Nc6 17. Rd2 Rad8 18. Rhd1 Rxd2 19. Rxd2 Rd8 20.
Rxd8 Nxd8 21. Nd4 Kb6 22. Kb2 Nc6 23. Nb3 b4 24. Bd1 Bf1 {Game drawn by mutual
agreement} 1/2-1/2

[Event "Team 45 45 League T68"]
[Site "Internet Chess Club"]
[Date "2016.04.15"]
[Round "6"]
[White "primerpaso"]
[Black "fishhead"]
[Result "0-1"]
[WhiteElo "1830"]
[BlackElo "1875"]
[Opening "English opening"]
[ECO "A16"]
[Time "20:02:15"]
[TimeControl "2700+45"]

1. c4 Nf6 2. Nc3 g6 3. g3 Bg7 4. Bg2 d6 5. e4 c6 6. Nge2 e5 7. d4 Qc7 8. O-O O-O
9. b3 a5 10. Ba3 Rd8 11. Rc1 Na6 12. Qd2 Nb4 13. Rfd1 Ng4 14. h3 exd4 15. Nxd4
Ne5 16. Qe2 Qb6 17. Nf3 Nxf3+ 18. Qxf3 Be6 19. Qe2 Rd7 20. Kh2 h5 21. f4 Re8 22.
Qf3 f5 23. exf5 Bxf5 24. g4 Re3 25. Na4 Qa7 26. Qf1 hxg4 27. hxg4 Bd3 28. Qg1
Bd4 29. Qh1 Rh7+ {White resigns} 0-1

[Event "Team 45 45 League T68"]
[Site "Internet Chess Club"]
[Date "2016.04.14"]
[Round "6"]
[White "GreyWarden"]
[Black "MikeTtheGuru"]
[Result "1-0"]
[WhiteElo "2034"]
[BlackElo "1955"]
[Opening "King's Indian: fianchetto, Kavalek (Bronstein) variation"]
[ECO "A15"]
[Time "16:04:49"]
[TimeControl "2700+45"]

1. c4 Nf6 2. Nf3 g6 3. g3 Bg7 4. Bg2 O-O 5. O-O d6 6. d4 c6 7. Nc3 Qa5 8. a3 Qh5
9. Re1 Re8 10. e4 e5 11. d5 Bg4 12. Qd3 a5 13. Rb1 cxd5 14. cxd5 Na6 15. b4 axb4
16. axb4 Nd7 17. Nd2 Nb6 18. Qb5 Nd7 19. Qd3 Nc7 20. Nc4 Bf8 21. h4 Nf6 22. Bg5
Kg7 23. f3 Bc8 24. Nb6 Ra3 25. Nxc8 Rxc8 26. Bh3 Ncxd5 27. Bxf6+ Nxf6 28. Bxc8
{Black resigns} 1-0

[Event "Team 45 45 League T68"]
[Site "Internet Chess Club"]
[Date "2016.04.16"]
[Round "6"]
[White "jjimalo"]
[Black "Percival"]
[Result "1/2-1/2"]
[WhiteElo "1798"]
[BlackElo "1961"]
[Opening "Queen's pawn game, Darooha variation "]
[ECO "D11"]
[Time "03:01:16"]
[TimeControl "2700+45"]

1. d4 d5 2. Nf3 Nf6 3. c4 c6 4. g3 Bf5 5. Bg2 e6 6. Nc3 h6 7. O-O Nbd7 8. cxd5
exd5 9. Bf4 Be7 10. Ne5 O-O 11. a3 a5 12. f3 Nxe5 13. Bxe5 Nd7 14. Bf4 Qb6 15.
Qd2 Bf6 16. Rad1 Rad8 17. h3 Ne5 18. Bxe5 Bxe5 19. f4 Bf6 20. g4 Be4 21. g5 hxg5
22. fxg5 Be5 23. Bxe4 dxe4 24. e3 c5 25. d5 Qg6 26. Qg2 Rfe8 27. h4 Bd6 28. Qg4
Re5 29. Rf4 Rde8 30. Rdf1 R8e7 31. Rf5 Bc7 32. h5 Qd6 33. Nb5 Qxd5 34. Nxc7 Rxc7
35. g6 Rxf5 36. Rxf5 Qe6 37. Qf4 Re7 38. gxf7+ Rxf7 39. Rxf7 Qxf7 40. Qxe4 Qxh5
41. Qxb7 Qd1+ 42. Kf2 Qd2+ 43. Kf3 Qd1+ 44. Kf2 Qd2+ 45. Kf3 Qd1+ {Game drawn by
mutual agreement} 1/2-1/2

[Event "Team 45 45 League T68"]
[Site "Internet Chess Club"]
[Date "2016.04.17"]
[Round "6"]
[White "nurmi"]
[Black "pishd"]
[Result "1-0"]
[WhiteElo "2110"]
[BlackElo "1843"]
[Opening "French: Rubinstein variation"]
[ECO "C03"]
[Time "10:12:36"]
[TimeControl "2700+45"]

1. e4 e6 2. d4 d5 3. Nd2 dxe4 4. Nxe4 Nd7 5. Nf3 Ngf6 6. Ng3 c5 7. Be2 cxd4 8.
Nxd4 Bc5 9. O-O Qb6 10. Nb3 Be7 11. c4 O-O 12. Qc2 Qc7 13. Re1 b6 14. Bd2 Bb7
15. Bf1 Rac8 16. Bc3 Ba6 17. Rac1 Bb7 18. Nd4 Rfe8 19. Rcd1 a6 20. Qe2 Nc5 21.
Bb4 Nce4 22. Bxe7 Nxg3 23. hxg3 Rxe7 24. Nf5 Rd7 25. Rxd7 Nxd7 26. Ne7+ Kf8 27.
Nxc8 Qxc8 28. Rd1 Qc7 29. Qd3 Nf6 30. Qd8+ Qxd8 31. Rxd8+ {Black resigns} 1-0

[Event "Team 45 45 League T68"]
[Site "Internet Chess Club"]
[Date "2016.04.18"]
[Round "6"]
[White "elmaestro"]
[Black "KidRattler"]
[Result "1-0"]
[WhiteElo "1713"]
[BlackElo "1582"]
[Opening "Queen's pawn game"]
[ECO "A45"]
[Time "18:00:26"]
[TimeControl "2700+45"]

1. d4 Nf6 2. e3 e6 3. Bd3 d5 4. Nd2 Nbd7 5. f4 c5 6. c3 Bd6 7. Ngf3 b6 8. O-O
Bb7 9. Ne5 Qc7 10. a4 g6 11. g4 Rf8 12. g5 Ng8 13. Bb5 Bxe5 14. fxe5 O-O-O 15.
b4 a6 16. Bxd7+ Rxd7 17. bxc5 bxc5 18. Ba3 cxd4 19. cxd4 Re8 20. Rc1 Bc6 21. Qc2
Kb7 22. Nb3 Bxa4 23. Nc5+ Kc8 24. Qxa4 Kd8 25. Nxa6 Qa7 26. Qa5+ Rc7 27. Rxc7
Qb8 28. Rb7+ Kc8 29. Rxb8+ Kd7 30. Qc7# {Black checkmated} 1-0

[Event "Team 45 45 League T68"]
[Site "Internet Chess Club"]
[Date "2016.04.19"]
[Round "6"]
[White "GreyWarden"]
[Black "gtmorton"]
[Result "1/2-1/2"]
[WhiteElo "2036"]
[BlackElo "2076"]
[Opening "English: Neo-Catalan declined"]
[ECO "A14"]
[Time "11:34:32"]
[TimeControl "2700+45"]

1. c4 e6 2. Nf3 Nf6 3. g3 d5 4. Bg2 Be7 5. O-O O-O 6. b3 c5 7. cxd5 exd5 8. d4
b6 9. Nc3 Bb7 10. Bf4 Ne4 11. Rc1 Nc6 12. Na4 Rc8 13. dxc5 bxc5 14. Nd2 Nd4 15.
Be5 Ne6 16. Nxe4 dxe4 17. Qc2 Nd4 18. Qb2 Qd5 19. Bf4 h5 20. Nc3 Qe6 21. Rfd1 h4
22. b4 Bc6 23. bxc5 Bxc5 24. Nb1 Rfd8 25. h3 hxg3 26. Bxg3 Bb6 27. e3 Nf3+ 28.
Kh1 Ba4 29. Rxc8 Rxc8 30. Rc1 Rxc1+ 31. Qxc1 Qxa2 32. Bxf3 exf3 33. Qc8+ Kh7 34.
Nc3 Qa1+ 35. Kh2 Bc2 36. e4 Qa5 37. Qc4 Qc5 38. Qxf7 Qxc3 39. Qh5+ Kg8 40. Qe8+
Kh7 41. Qh5+ Kg8 {Game drawn by mutual agreement} 1/2-1/2

[Event "Team 45 45 League T68"]
[Site "Internet Chess Club"]
[Date "2016.04.19"]
[Round "6"]
[White "spand42"]
[Black "Percival"]
[Result "1/2-1/2"]
[WhiteElo "2010"]
[BlackElo "2035"]
[Opening "French: Rubinstein variation"]
[ECO "C10"]
[Time "17:22:07"]
[TimeControl "2700+45"]

1. e4 e6 2. d4 d5 3. Nc3 dxe4 4. Nxe4 Nd7 5. Nf3 Ngf6 6. Nxf6+ Nxf6 7. c3 Be7 8.
Ne5 O-O 9. Bd3 c5 10. h4 cxd4 11. cxd4 Bd7 12. h5 Bb5 13. h6 g6 14. Be3 Bb4+ 15.
Kf1 Bxd3+ 16. Qxd3 Nd5 17. Rh3 Rc8 18. Rg3 Qc7 19. Bg5 Qc2 20. Nd7 Qxd3+ 21.
Rxd3 Rfe8 22. Rb3 b6 23. Rxb4 Nxb4 24. Nf6+ Kh8 25. Nxe8 Rxe8 26. Rc1 Nd5 27.
Ke2 Kg8 28. Kd3 f6 29. Bd2 Kf7 30. g4 Ke7 31. f4 Kd7 32. g5 f5 33. a4 {Game
drawn by mutual agreement} 1/2-1/2

[Event "Team 45 45 League T68"]
[Site "Internet Chess Club"]
[Date "2016.04.16"]
[Round "6"]
[White "Smoothie225"]
[Black "SlimeDog2"]
[Result "1-0"]
[WhiteElo "2145"]
[BlackElo "1989"]
[Opening "Scotch game"]
[ECO "C45"]
[Time "15:01:35"]
[TimeControl "2700+45"]

1. e4 e5 2. Nf3 Nc6 3. d4 exd4 4. Nxd4 Bc5 5. Nxc6 Qf6 6. Qf3 Qxf3 7. gxf3 bxc6
8. Be3 Bxe3 9. fxe3 d5 10. Nc3 Ne7 11. O-O-O Be6 12. Bg2 f5 13. exd5 cxd5 14.
Nb5 Kd7 15. e4 fxe4 16. fxe4 Bg4 17. Rd2 c6 18. Nc3 d4 19. Rxd4+ Ke6 20. e5 h5
21. Re1 Rad8 22. Ra4 Rhf8 23. Ne4 Nd5 24. Nc5+ Kf5 25. h3 {Black resigns} 1-0

[Event "Team 45 45 League T68"]
[Site "Internet Chess Club"]
[Date "2016.04.23"]
[Round "6"]
[White "gump12345"]
[Black "RickyWang"]
[Result "1-0"]
[WhiteElo "2052"]
[BlackElo "1837"]
[Opening "Sicilian: Taimanov variation"]
[ECO "B45"]
[Time "11:07:54"]
[TimeControl "2700+45"]

1. e4 c5 2. Nf3 e6 3. d4 cxd4 4. Nxd4 Nc6 5. Nc3 Nf6 6. Be3 Bb4 7. f3 d5 8. Bb5
Bd7 9. a3 Bxc3+ 10. bxc3 dxe4 11. fxe4 Qa5 12. O-O Qxc3 13. Rf3 O-O 14. Bf2 Qa5
15. Rxf6 gxf6 16. Qg4+ Kh8 17. Bh4 Qd8 18. Qf3 Rg8 19. Bxf6+ Rg7 20. Bxc6 Qb6
21. Bxd7 Rd8 22. Qg3 Rg8 23. Qe5 h6 24. Bxg7+ Rxg7 25. Rf1 Kg8 26. Kh1 Qd8 27.
Bxe6 fxe6 28. Qxg7+ Kxg7 29. Nxe6+ {Black resigns} 1-0

[Event "Team 45 45 League T68"]
[Site "Internet Chess Club"]
[Date "2016.04.23"]
[Round "6"]
[White "JJ12"]
[Black "xwang1"]
[Result "0-1"]
[WhiteElo "2039"]
[BlackElo "2102"]
[Opening "Ruy Lopez: Berlin defense, open variation"]
[ECO "C67"]
[Time "18:00:25"]
[TimeControl "2700+45"]

1. e4 e5 2. Nf3 Nc6 3. Bb5 Nf6 4. O-O Nxe4 5. d4 Nd6 6. Bxc6 dxc6 7. dxe5 Nf5 8.
Qxd8+ Kxd8 9. Rd1+ Ke8 10. h3 Be7 11. Nc3 h5 12. g3 Bd7 13. Bf4 Rd8 14. Kg2 Bc8
15. a4 a5 16. Ne2 Be6 17. g4 hxg4 18. hxg4 Nh6 19. g5 Nf5 20. Nc3 Nh4+ 21. Nxh4
Rxh4 22. Rxd8+ Bxd8 23. Kf3 Bf5 24. Rc1 Rh3+ 25. Kg2 Rh5 26. Bg3 Bxg5 27. f4 Be7
28. Bf2 g5 29. Ne2 gxf4 30. Nxf4 Be4+ 31. Kg3 Rxe5 32. Re1 Bd6 33. Bd4 Re6 34.
c4 f5 35. Be3 Rg6+ 36. Kf2 Rg4 37. Ne2 Kf7 38. Bd4 c5 39. Bc3 b6 40. Ke3 Bc2 41.
Rh1 Rxc4 42. Rh7+ Ke6 43. Kd2 Bxa4 44. Rh6+ Kd5 {White resigns} 0-1

[Event "Team 45 45 League T68"]
[Site "Internet Chess Club"]
[Date "2016.04.15"]
[Round "6"]
[White "SAC2001"]
[Black "jt2000"]
[Result "1-0"]
[WhiteElo "1943"]
[BlackElo "2015"]
[Opening "Sicilian: Najdorf, Byrne (English) attack"]
[ECO "B90"]
[Time "22:32:34"]
[TimeControl "2700+45"]

1. e4 c5 2. Nf3 d6 3. d4 cxd4 4. Nxd4 Nf6 5. Nc3 a6 6. Be3 e6 7. f3 b5 8. Qd2
Nbd7 9. g4 Nb6 10. O-O-O Bb7 11. Qf2 Nfd7 12. Bd3 Rc8 13. Nce2 Nc5 14. Kb1 Qc7
15. g5 Nba4 16. Rc1 d5 17. exd5 Bxd5 18. b3 Nb6 19. Nc3 Bb7 20. Be4 b4 21. Bxb7
Nxb7 22. Ne4 Nd5 23. h4 Qa5 24. Bd2 Nc3+ 25. Bxc3 bxc3 26. Qe3 Nd6 27. Nxd6+
Bxd6 28. Nxe6 Kd7 29. Nf4 Qa3 30. Nd3 Rhe8 31. Qd4 Kd8 32. Rhd1 Re5 33. Qxd6+
{Black resigns} 1-0

[Event "Team 45 45 League T68"]
[Site "Internet Chess Club"]
[Date "2016.04.16"]
[Round "6"]
[White "jonesey"]
[Black "chessfunblast"]
[Result "1-0"]
[WhiteElo "2004"]
[BlackElo "1889"]
[Opening "Ruy Lopez: closed, Bogolyubov variation"]
[ECO "C91"]
[Time "21:01:27"]
[TimeControl "2700+45"]

1. e4 e5 2. Nf3 Nc6 3. Bb5 a6 4. Ba4 Nf6 5. O-O b5 6. Bb3 Be7 7. Re1 d6 8. c3
O-O 9. d4 Bg4 10. Be3 Na5 11. dxe5 Nxb3 12. exf6 Nxa1 13. fxe7 Qxe7 14. Nbd2 f5
15. Qxa1 f4 16. Bd4 c5 17. e5 cxd4 18. cxd4 d5 19. Nb3 h5 20. h3 Bxf3 21. gxf3
Qh4 22. Kf1 Qxh3+ 23. Ke2 Qf5 24. Kd2 g5 25. Rh1 g4 26. Rh4 Rac8 27. Nc5 Rfe8
28. fxg4 Qg5 29. Rxh5 Qxg4 30. Qh1 Qg7 31. Qxd5+ Qf7 32. Rg5+ Kf8 33. Nd7+ Ke7
34. Qd6+ {Black resigns} 1-0

[Event "Team 45 45 League T68"]
[Site "Internet Chess Club"]
[Date "2016.04.16"]
[Round "6"]
[White "Agarnez"]
[Black "CuatroPrincesas"]
[Result "1/2-1/2"]
[WhiteElo "1965"]
[BlackElo "2139"]
[Opening "Nimzo-Indian: classical variation"]
[ECO "E32"]
[Time "16:07:07"]
[TimeControl "2700+45"]

1. d4 Nf6 2. c4 e6 3. Nc3 Bb4 4. Qc2 O-O 5. Bg5 h6 6. Bh4 c5 7. e3 cxd4 8. exd4
b6 9. Nf3 Bb7 10. Be2 d5 11. cxd5 Bxd5 {Game drawn by mutual agreement} 1/2-1/2

[Event "Team 45 45 League T68"]
[Site "Internet Chess Club"]
[Date "2016.04.19"]
[Round "6"]
[White "f5"]
[Black "SlowFox"]
[Result "1-0"]
[WhiteElo "2105"]
[BlackElo "2048"]
[Opening "French: Albin-Alekhine-Châtard attack"]
[ECO "C13"]
[Time "14:30:57"]
[TimeControl "2700+45"]

1. e4 e6 2. d4 d5 3. Nc3 Nf6 4. Bg5 Be7 5. e5 Nfd7 6. h4 Bxg5 7. hxg5 Qxg5 8.
Qd3 g6 9. Nf3 Qe7 10. Rh6 Nc6 11. O-O-O Nf8 12. Qe3 Bd7 13. Qf4 O-O-O 14. Ng5
Be8 15. Bb5 Rg8 16. Bxc6 Bxc6 17. Nxh7 Nxh7 18. Rxh7 Rdf8 19. Rdh1 Be8 20. Nd1
Qd8 21. Qf6 g5 22. Ne3 Qd7 23. Kb1 Rg6 24. Qf3 Qa4 25. c3 f5 26. Qd1 Qxd1+ 27.
Nxd1 Kd8 28. Kc1 f4 29. Kd2 g4 30. b3 Rgg8 31. R7h4 Rg5 32. Rh8 Ke7 33. Rxf8
Kxf8 34. Rh8+ Ke7 35. g3 fxg3 36. fxg3 Bg6 37. Ne3 b6 38. Ng2 Be4 39. Nf4 Rg7
40. Ke3 Bf5 41. b4 Kd7 42. b5 Rf7 43. Nh5 Re7 44. Nf6# {Black checkmated} 1-0

[Event "Team 45 45 League T68"]
[Site "Internet Chess Club"]
[Date "2016.04.17"]
[Round "6"]
[White "Pomberito"]
[Black "frontier"]
[Result "1-0"]
[WhiteElo "2098"]
[BlackElo "1872"]
[Opening "Sicilian, Szén (`anti-Taimanov') variation"]
[ECO "B44"]
[Time "08:33:36"]
[TimeControl "2700+45"]

1. e4 c5 2. Nf3 e6 3. d4 cxd4 4. Nxd4 Nc6 5. Nb5 d6 6. c4 Nf6 7. N1c3 a6 8. Na3
Be7 9. Be2 O-O 10. O-O Qc7 11. Be3 Ne5 12. f4 Ned7 13. Bf3 h6 14. g4 Nh7 15. Kh1
Rb8 16. Rc1 b6 17. Nc2 Bb7 18. Nd4 Rfe8 19. Nd5 exd5 20. cxd5 Qd8 21. Nc6 Bxc6
22. dxc6 Nc5 23. b4 Qc7 24. bxc5 bxc5 25. Qd5 Nf6 26. Qd3 Rb2 27. Qxa6 Bf8 28.
Qc4 Rb4 29. Qc2 Rbxe4 30. g5 Rxe3 31. gxf6 g6 32. Bd5 Kh7 33. Rb1 Re2 34. Qd3
R8e3 35. Qa6 Qd8 36. Rb7 Bg7 37. Rxf7 {Black resigns} 1-0

[Event "Team 45 45 League T68"]
[Site "Internet Chess Club"]
[Date "2016.04.16"]
[Round "6"]
[White "PoisonPawn"]
[Black "ShootStraight"]
[Result "0-1"]
[WhiteElo "2096"]
[BlackElo "1968"]
[Opening "Sicilian: accelerated fianchetto, modern variation with Bc4"]
[ECO "B35"]
[Time "20:04:42"]
[TimeControl "2700+45"]

1. e4 c5 2. Nf3 g6 3. d4 cxd4 4. Nxd4 Nc6 5. Nc3 Bg7 6. Be3 Nf6 7. Bc4 O-O 8.
Bb3 a5 9. O-O d6 10. Ndb5 b6 11. h3 Nd7 12. Qe2 Bb7 13. Rad1 Nc5 14. Bg5 Qd7 15.
Nd5 Ba6 16. Bc4 Rfb8 17. f4 Qb7 18. c3 a4 19. f5 Bxb5 20. Bxb5 Re8 21. Bxc6 Qxc6
22. Nxe7+ Rxe7 23. Bxe7 Nxe4 24. f6 Re8 25. Qd3 Bf8 26. Bxf8 Kxf8 27. Qe3 Re6
28. Qh6+ Ke8 29. Qxh7 Nxf6 30. Rde1 Nxh7 {White resigns} 0-1

[Event "Team 45 45 League T68"]
[Site "Internet Chess Club"]
[Date "2016.04.17"]
[Round "6"]
[White "LazyPeon"]
[Black "Packerfan"]
[Result "1-0"]
[WhiteElo "1714"]
[BlackElo "1802"]
[Opening "King's Indian: fianchetto, classical main line"]
[ECO "E69"]
[Time "14:30:30"]
[TimeControl "2700+45"]

1. d4 Nf6 2. c4 g6 3. g3 Bg7 4. Bg2 O-O 5. Nc3 c6 6. e4 d6 7. Nf3 Nbd7 8. O-O e5
9. h3 a5 10. Be3 Re8 11. Qc2 exd4 12. Nxd4 Nc5 13. Rad1 Qe7 14. f3 d5 15. cxd5
cxd5 16. Ndb5 b6 17. Nxd5 Nxd5 18. Rxd5 Na6 19. a3 Be6 20. Rdd1 Rac8 21. Qf2 Bc4
22. Nd6 Bxf1 23. Nxc8 Rxc8 24. Bxf1 Nc5 25. Rc1 Qd7 26. b4 axb4 27. axb4 Na4 28.
Rxc8+ Qxc8 29. Kg2 Bf8 30. Qa2 Nc3 31. Qb3 Qc6 32. Bc4 Qf6 33. Bxf7+ Qxf7 34.
Qxc3 Qa2+ 35. Qd2 Qb3 36. Qd5+ Qxd5 37. exd5 Bxb4 38. Bxb6 Kf7 39. Kf2 Bd6 40.
Bd4 Ke7 41. f4 Bb4 42. Kf3 Be1 43. g4 Kd6 44. Ke4 Bg3 45. Be5+ Ke7 46. f5 gxf5+
47. Kxf5 Be1 48. g5 Bf2 49. Kg4 Be1 50. h4 Bf2 51. h5 Be3 52. Kf5 Bc1 53. g6
hxg6+ 54. Kxg6 Kd7 55. h6 Bxh6 56. Kxh6 Ke7 57. Kg7 Ke8 58. d6 Kd7 59. Kf7 Kd8
60. Ke6 Ke8 61. Bf6 {Black resigns} 1-0

[Event "Team 45 45 League T68"]
[Site "Internet Chess Club"]
[Date "2016.04.18"]
[Round "6"]
[White "Lrn2Mate"]
[Black "idjit"]
[Result "0-1"]
[WhiteElo "1615"]
[BlackElo "1576"]
[Opening "Nimzo-Indian: 4.e3, main line with ...c5"]
[ECO "E53"]
[Time "19:00:59"]
[TimeControl "2700+45"]

1. d4 Nf6 2. c4 e6 3. Nc3 Bb4 4. e3 O-O 5. Bd3 d5 6. Nf3 c5 7. O-O cxd4 8. exd4
dxc4 9. Bxc4 Qc7 10. Qe2 Nbd7 11. Nb5 Qc6 12. Ne5 Nxe5 13. dxe5 Nd7 14. Bb3 b6
15. Bf4 Ba6 16. a4 Nc5 17. Rfc1 Rfd8 18. Bc4 Bb7 19. f3 Na6 20. Nd6 Bxd6 21.
Bxa6 Bc5+ 22. Be3 Bxa6 23. Rxc5 bxc5 24. Qc2 Rac8 25. Rc1 Bd3 26. Qb3 c4 27. Qa3
Qb7 28. Rd1 Rb8 29. Rd2 Qb3 30. Qe7 c3 31. bxc3 Qb1+ 32. Kf2 Qf1+ 33. Kg3 Qe1+
34. Kf4 h6 35. c4 Rd7 36. Qxd7 Qh4+ 37. g4 g5# {White checkmated} 0-1

[Event "Team 45 45 League T68"]
[Site "Internet Chess Club"]
[Date "2016.04.15"]
[Round "6"]
[White "bayoumicardio10"]
[Black "clarinetref"]
[Result "1/2-1/2"]
[WhiteElo "1636"]
[BlackElo "1627"]
[Opening "Robatsch (modern) defense"]
[ECO "B06"]
[Time "21:00:35"]
[TimeControl "2700+45"]

1. e4 g6 2. d4 d6 3. Be2 Bg7 4. Nf3 Nd7 5. Be3 Ngf6 6. Nc3 Ng4 7. O-O Nxe3 8.
fxe3 O-O 9. Qe1 e6 10. Qf2 c5 11. Nb5 Qb6 12. Rab1 a6 13. Na3 Nf6 14. Nd2 cxd4
15. exd4 Nxe4 16. Nac4 Qa7 17. Qf4 Qxd4+ 18. Kh1 d5 19. c3 Qf6 20. Nxe4 Qxf4 21.
Rxf4 dxc4 22. Bxc4 Be5 23. Rf2 b5 24. Bb3 Bb7 25. Nc5 Bc6 26. Rd1 Bc7 27. Nd7
Rfd8 28. Nf6+ Kg7 29. Rdf1 Rf8 30. Rd2 Rad8 31. Rdd1 Rxd1 32. Bxd1 Be5 33. Ng4
Bd6 34. Bf3 Bd7 35. Rd1 h5 36. Rxd6 hxg4 37. Rxd7 gxf3 38. gxf3 Rc8 39. Rd6 a5
40. Rb6 Rc5 41. Kg2 b4 42. cxb4 Rc2+ 43. Kg3 Rxb2 44. bxa5 Rxa2 45. a6 Kf6 46.
Kg4 Rxh2 47. Rb8 Ra2 48. Ra8 Ra5 49. a7 g5 50. Rg8 Rxa7 51. Rxg5 Ra4+ 52. f4 Ra1
53. Rb5 Rg1+ 54. Kf3 Rf1+ 55. Kg4 Rg1+ 56. Kf3 {Game drawn by mutual agreement}
1/2-1/2